 Dungeon Crawl Stone Soup version 0.23-a0-636-g0ff6057 (webtiles) character file.

977 mhoghedin the Skirmisher (level 8, -2/53 HPs)
             Began as a Kobold Berserker on Dec 28, 2018.
             Was a Believer of Trog.
             Slain by a bullfrog (4 damage)
             ... on level 5 of the Dungeon.
             The game lasted 00:13:02 (5520 turns).

mhoghedin the Skirmisher (Kobold Berserker)         Turns: 5520, Time: 00:13:03

Health: -2/53      AC: 17    Str: 16    XL:     8   Next: 40%
Magic:  8/8        EV:  3    Int: 11    God:    Trog [**....]
Gold:   157        SH:  0    Dex: 15    Spells: 7/7 levels left

rFire    . . .     SeeInvis .   a - +0 mace
rCold    . . .     Gourm    .   (shield restricted)
rNeg     . . .     Faith    .   o - +0 crystal plate armour
rPois    .         Spirit   .   l - +0 helmet
rElec    .         Reflect  .   (no cloak)
rCorr    .         Harm     .   (no gloves)
MR       .....                  k - +0 pair of boots
Stlth    ..........             (no amulet)
HPRegen  0.17/turn              m - +3 ring of intelligence
MPRegen  0.11/turn              (no ring)

@: berserk cooldown, slowed, very slow
A: small, carnivore
a: Berserk, Trog's Hand, Renounce Religion


You were on level 5 of the Dungeon.
You worshipped Trog.
Trog was pleased with you.
You were not hungry.

You visited 1 branch of the dungeon, and saw 6 of its levels.

You collected 157 gold pieces.

Inventory:

Hand Weapons
 a - a +0 mace (weapon)
 b - a +2 blowgun
   (You took it off a kobold on level 3 of the Dungeon)
Missiles
 n - 5 poisoned needles
Armour
 k - a +0 pair of boots (worn)
   (You found it on level 3 of the Dungeon)
 l - a +0 helmet (worn)
   (You found it on level 2 of the Dungeon)
 o - a +0 crystal plate armour (worn)
   (You found it on level 3 of the Dungeon)
Jewellery
 m - a +3 ring of intelligence (left hand)
   (You found it on level 4 of the Dungeon)
Wands
 f - a wand of random effects (18)
   (You found it on level 4 of the Dungeon)
 u - a wand of digging (5)
   (You found it on level 4 of the Dungeon)
Scrolls
 e - a scroll of enchant armour {unknown}
 h - a scroll of identify
 i - 6 scrolls of remove curse
 r - a scroll of immolation {!r}
 s - a scroll of fog {unknown}
Potions
 d - a potion of flight
 j - 2 potions of curing
 t - a potion of ambrosia {unknown}
Comestibles
 c - 5 rations


   Skills:
 + Level 7.2 Fighting
 + Level 6.0 Maces & Flails
 - Level 3.1 Throwing
 + Level 2.3 Armour
 - Level 2.6 Dodging


You had 7 spell levels left.
You didn't know any spells.
Your spell library was empty.

Dungeon Overview and Level Annotations

Branches:
Dungeon (6/15)
 Temple: D:4-7

Altars:
Dithmenos
Makhleb
Nemelex Xobeh
Sif Muna
Trog
Uskayaw
Xom

Annotations:
D:5 Menkaure


Innate Abilities, Weirdness & Mutations

You are small and have problems with some larger weapons.
You are carnivorous and can eat meat at any time.


Message History

You take 15 damage, and have 29/53 hp.
MASSIVE DAMAGE!!
Unknown command.
Okay, then.
Unknown command.
The bullfrog swells and bulges.
The bullfrog hits you but does no damage.
Something hits you but does no damage.
The bullfrog hits you but does no damage.
Something hits you but does no damage.
Things that are here:
a +0 war axe; a +0 chain mail; an orc corpse A leopard gecko comes into view.
The leopard gecko hisses angrily.
The bullfrog hits you but does no damage. x2
Something hits you but does no damage.
An iguana comes into view.
The bullfrog barely misses you.
There is a stone staircase leading up here.
The iguana hisses angrily.
Something hits you. Something shocks you. The bullfrog hits you.
Something hits you but does no damage. The ogre barely misses you.
The bullfrog hits you.
You climb upwards.
Level annotation: Menkaure Reactivating autopickup.
Menkaure whispers a few words.
There is a stone staircase leading down here.
You take 11 damage, and have 18/53 hp.
MASSIVE DAMAGE!!
Deactivating autopickup; reactivate with Ctrl-A.
Your crystal plate armour prevents you from hitting something.
Something hits you but does no damage. The bullfrog barely misses you.
Something hits you but does no damage.
The bullfrog hits you but does no damage.
Something hits you but does no damage. Something hits you but does no damage.
The bullfrog hits you but does no damage.
Something hits you.
* * * LOW HITPOINT WARNING * * *
Something shocks you.
* * * LOW HITPOINT WARNING * * *
The bullfrog hits you but does no damage.
You take 9 damage, and have 9/53 hp.
Unknown command.
Something hits you but does no damage. x2
The bullfrog hits you but does no damage.
Menkaure rustles drily.
Something completely misses you.
The bullfrog hits you but does no damage.
Menkaure gestures wildly while chanting.
Menkaure seems to speed up.
Okay, then.
Unknown command.
You feel much better. Something hits you. Something shocks you.
The bullfrog hits you but does no damage.
Something hits you but does no damage.
The bullfrog hits you but does no damage.
Menkaure calls on the powers of darkness!
Your body is wracked with pain!
* * * LOW HITPOINT WARNING * * *
The bullfrog convulses!
Something hits you but does no damage.
You regained 5 hp, and now have 15/53 hp.
The bullfrog hits you.
* * * LOW HITPOINT WARNING * * *
Something hits you but does no damage.
The bullfrog hits you but does no damage.
You take 2 damage, and have 13/53 hp.
A sky beast appears from thin air!
Reactivating autopickup.
The sky beast hits you but does no damage.
The sky beast hits you but does no damage.
The bullfrog barely misses you.
The sky beast flickers out of sight!
Deactivating autopickup; reactivate with Ctrl-A.
Something hits you but does no damage. The bullfrog hits you.
* * * LOW HITPOINT WARNING * * *
You take 2 damage, and have 12/53 hp.
The bullfrog hits you but does no damage.
Menkaure calls on the powers of darkness!
The bullfrog convulses!
Your body is wracked with pain!
* * * LOW HITPOINT WARNING * * *
You take 5 damage, and have 7/53 hp.
Unknown command.
Unknown command.
You feel better.
The bullfrog hits you but does no damage. x2
The bullfrog hits you.
* * * LOW HITPOINT WARNING * * *
Menkaure calls on the powers of darkness!
The bullfrog convulses!
Your body is wracked with pain!
* * * LOW HITPOINT WARNING * * *
Unknown command.
The bullfrog hits you.
* * * LOW HITPOINT WARNING * * *
You take 5 damage, and have 2/53 hp.
The bullfrog hits you.
You die...

##..........###.....#
#.........>......####
##..........####.# #
##...###.#.# #.#
##M## #.#.## #.####
#.# #....# #..... #.#
#.#..# ###### #F#
##)#..#### #@#
#..#.....##### #.#
#[#........... #.#
#.##...#.##### #.#
#.###.##.#
#.###.######.#
##.##...#####...
#...(...........
#..##...########.#
#.####.## .#


You could see Menkaure and a bullfrog.

Vanquished Creatures
  A moth of wrath (D:4)
  An orc warrior (D:6)
  2 ogres (D:4)
  A centaur (D:4)
  An orc priest (D:6)
  A hound (D:4)
  An iguana (D:5)
  2 worker ants
  4 gnolls (D:4)
  6 adders
  An adder skeleton (D:5)
  4 worms
  A dart slug (D:1)
  4 leopard geckos
  3 orcs
  6 hobgoblins
  5 kobolds
  A quokka (D:6)
  7 bats
  6 frilled lizards
  4 goblins
  5 rats
67 creatures vanquished.

Notes
Turn   | Place    | Note
-------+----------+-------------------------------------------
     0 | D:1      | mhoghedin the Kobold Berserker began the quest for the Orb.
     0 | D:1      | Reached XP level 1. HP: 14/14 MP: 1/1
   516 | D:1      | Reached XP level 2. HP: 9/19 MP: 2/2
  1197 | D:1      | Reached skill level 3 in Maces & Flails
  1380 | D:2      | Found a hide-covered altar of Uskayaw.
  1422 | D:2      | Reached XP level 3. HP: 24/24 MP: 3/3
  1546 | D:2      | Found a deep blue altar of Sif Muna.
  2123 | D:3      | Found a sparkling altar of Nemelex Xobeh.
  2133 | D:3      | Reached skill level 4 in Fighting
  2148 | D:3      | HP: 6/24 [poisoned by an adder]
  2155 | D:3      | HP: 4/24 [poisoned by an adder]
  2160 | D:3      | HP: 2/24 [poisoned by an adder]
  2484 | D:2      | HP: 6/24 [poisoned by a kobold]
  2624 | D:3      | Reached XP level 4. HP: 29/29 MP: 4/4
  3253 | D:4      | Reached skill level 1 in Throwing
  3253 | D:4      | Reached XP level 5. HP: 27/34 MP: 5/5
  3312 | D:4      | Found the +3 sling "Punk" {acid, rCorr}
  3334 | D:4      | Found a burning altar of Makhleb.
  3521 | D:4      | Noticed an ogre
  3540 | D:4      | Killed an ogre
  3540 | D:4      | Reached skill level 5 in Fighting
  3540 | D:4      | Reached skill level 4 in Maces & Flails
  3540 | D:4      | Reached skill level 2 in Throwing
  3540 | D:4      | Reached XP level 6. HP: 40/40 MP: 6/6
  3621 | D:4      | Noticed an ogre
  3639 | D:4      | Found a shadowy altar of Dithmenos.
  3653 | D:4      | Killed an ogre
  3712 | D:4      | Found a shimmering altar of Xom.
  3786 | D:4      | Reached skill level 3 in Throwing
  3879 | D:4      | Noticed a moth of wrath
  3882 | D:4      | Found a bloodstained altar of Trog.
  3939 | D:4      | Reached XP level 7. HP: 44/45 MP: 7/7
  4300 | D:4      | HP: 12/67 [moth of wrath (12)]
  4303 | D:4      | Killed a moth of wrath
  4303 | D:4      | Reached skill level 6 in Fighting
  4303 | D:4      | Reached skill level 5 in Maces & Flails
  4303 | D:4      | Reached XP level 8. HP: 14/52 MP: 8/8
  4304 | D:4      | Reached ** piety under Trog
  4839 | D:5      | Entered Level 5 of the Dungeon
  4880 | D:5      | Reached skill level 7 in Fighting
  5142 | D:5      | Noticed Menkaure
  5491 | D:6      | Reached skill level 2 in Armour
  5494 | D:6      | Reached skill level 6 in Maces & Flails
  5509 | D:5      | HP: 9/53 [something (6)]
  5516 | D:5      | HP: 12/53 [bullfrog (2)]
  5519 | D:5      | HP: 2/53 [bullfrog (5)]
  5520 | D:5      | Slain by a bullfrog

Vault maps used:
D:1:      eino_arrival_druids_welcome
D:2:      eat_drink_and_be_merry_uskayaw, lemuel_doored_altar,
          minmay_stone_trees_small
D:3:      cheibrodos_helix_gallery, nemelex_xobeh_ov_fountains_minmay,
          first_ration, minmay_misc_feat_iff
D:4:      old_standard_altar, tgw_trog, nicolae_dithmenos_shadow_blocks,
          minmay_misc_feat_room, makhleb_heckhound_becter
D:5:      uniq_menkaure
D:6:      lemuel_temple_firewalk_b, kennysheep_generic_room_5,
          uniq_crazy_yiuf_cottage

Skill      XL: |  1  2  3  4  5  6  7  8 |
---------------+-------------------------+-----
Maces & Flails | 3 4 5 6 |  6.0
Fighting       | 4 5 6 7 |  7.2
Throwing       | 1 2 3 |  3.1
Armour         | 2 |  2.3
Dodging        | |  2.6

Action                   |  1- 3 |  4- 6 |  7- 9 || total
-------------------------+-------+-------+-------++-------
Melee: Mace              |    87 |   126 |    65 ||   278
 Fire: Blowgun           |       |    45 |       ||    45
Invok: Berserk           |     3 |     3 |     3 ||     9
       Trog's Hand       |       |       |     1 ||     1
Evoke: Wand              |       |       |     2 ||     2
  Use: Potion            |     2 |       |     3 ||     5
       Scroll            |       |     9 |     3 ||    12
  Eat: Chunk             |     4 |     5 |     5 ||    14
       Ration            |     3 |     1 |     2 ||     6
Armor: Animal skin       |    17 |       |       ||    17
       Crystal plate arm |       |   150 |   108 ||   258
Dodge: Dodged            |    88 |    17 |    18 ||   123

Table legend:
 A = Non-vault XP
 B = Vault XP
 C = Vault XP percentage of total XP
 D = Non-vault monster count
 E = Vault monster count
 F = Vault count percentage of total count
                 A         B        C        D         E       F
            +---------+---------+-------+---------+---------+-------
      Total |     844 |     553 |  39.6 |      58 |       9 |  13.4
            +---------+---------+-------+---------+---------+-------
        D:1 |      24 |       0 |   0.0 |      12 |       0 |   0.0
        D:2 |      15 |       0 |   0.0 |      11 |       0 |   0.0
        D:3 |      53 |       2 |   3.6 |      13 |       2 |  13.3
        D:4 |     496 |     551 |  52.6 |      14 |       7 |  33.3
        D:5 |      76 |       0 |   0.0 |       4 |       0 |   0.0
        D:6 |     180 |       0 |   0.0 |       4 |       0 |   0.0
            +---------+---------+-------+---------+---------+-------

Vault maps used:
D:1:      eino_arrival_druids_welcome
D:2:      eat_drink_and_be_merry_uskayaw, lemuel_doored_altar,
          minmay_stone_trees_small
D:3:      cheibrodos_helix_gallery, nemelex_xobeh_ov_fountains_minmay,
          first_ration, minmay_misc_feat_iff
D:4:      old_standard_altar, tgw_trog, nicolae_dithmenos_shadow_blocks,
          minmay_misc_feat_room, makhleb_heckhound_becter
D:5:      uniq_menkaure
D:6:      lemuel_temple_firewalk_b, kennysheep_generic_room_5,
          uniq_crazy_yiuf_cottage

Table legend:
 A = Turns spent in this place as a percentage of turns spent in the entire game.
 B = Non-inter-level travel turns spent in this place as a percentage of non-inter-level travel turns spent in the entire game.
 C = Inter-level travel turns spent in this place as a percentage of turns spent in this place.
 D = Turns resting spent in this place as a percentage of non-inter-level travel turns spent in this place.
 E = Turns spent auto-exploring this place as a percentage of non-inter-level travel turns spent in this place.
 F = Non-inter-level travel turns spent in this place divided by the number of levels of this place that you've seen.
                   A       B       C       D       E      F
               +-------+-------+-------+-------+-------+----------------------
         Total | 100.0 | 100.0 |   4.4 |  35.0 |  49.8 | 879.7
       Dungeon | 100.0 | 100.0 |   4.4 |  35.0 |  49.8 | 879.7
               +-------+-------+-------+-------+-------+----------------------

Table legend:
 A = Kills in this place as a percentage of kills in entire the game.
 B = Kills by you in this place as a percentage of kills by you in the entire game.
 C = Kills by friends in this place as a percentage of kills by friends in the entire game.
 D = Other kills in this place as a percentage of other kills in the entire game.
 E = Experience gained in this place as a percentage of experience gained in the entire game.
 F = Experience gained in this place divided by the number of levels of this place that you have seen.
                   A       B       C       D       E      F
               +-------+-------+-------+-------+-------+----------------------
         Total | 100.0 | 100.0 |   N/A |   N/A | 100.0 | 232.8
       Dungeon | 100.0 | 100.0 |   N/A |   N/A | 100.0 | 232.8
               +-------+-------+-------+-------+-------+----------------------
